 Dungeon Crawl Stone Soup version 0.22.1-2-g9c5b331 (webtiles) character file.

305 retrovino the Skirmisher (level 6, -7/52 HPs)
             Began as a Draconian Fighter on Jan 3, 2019.
             Mangled by a worker ant (8 damage)
             ... on level 4 of the Dungeon.
             The game lasted 00:26:56 (3756 turns).

retrovino the Skirmisher (Draconian Fighter)        Turns: 3756, Time: 00:26:57

Health: -7/52      AC: 13    Str: 20    XL:     6   Next: 15%
Magic:  6/6        EV: 13    Int:  8    God:
Gold:   112        SH:  3    Dex: 11    Spells: 5/5 levels left

rFire    . . .     SeeInvis .   D - +1 flail (protect)
rCold    . . .     Gourm    .   k - -1 buckler (curse)
rNeg     . . .     Faith    .   (armour unavailable)
rPois    .         Spirit   .   (helmet restricted)
rElec    .         Reflect  .   (no cloak)
rCorr    .         Harm     .   (no gloves)
MR       .....                  (no boots)
Stlth    +.........             (no amulet)
HPRegen  0.17/turn              (no ring)
MPRegen  0.10/turn              (no ring)

@: lethally poisoned (-7 -> -8), protection aura
A: unfitting armour, cold-blooded, AC +6
a: no special abilities


You were on level 4 of the Dungeon.
You were very full.

You visited 1 branch of the dungeon, and saw 4 of its levels.

You collected 112 gold pieces.

Inventory:

Hand Weapons
 a - a +0 war axe
 h - a +0 hand axe
 p - a +0 mace
 q - a +0 dagger
 r - a +0 dagger
 u - a cursed -1 club
 x - a +0 short sword
 y - a +0 whip
 A - a +0 whip
 C - a +0 halberd
 D - a +1 flail of protection (weapon)
 I - a cursed +0 trident
Missiles
 g - 61 arrows
 w - 2 throwing nets (quivered)
Armour
 b - a +0 shield
 e - a +0 leather armour
 f - a +0 robe
 j - a +0 leather armour
 k - a cursed -1 buckler (worn)
 z - a +0 robe
 E - a +0 leather armour
 F - a +0 robe
Jewellery
 i - a cursed ring of teleportation {unknown}
 m - a +5 ring of intelligence {unknown}
 s - a cursed -6 ring of protection {unknown}
Wands
 t - a wand of acid (6)
 B - a wand of paralysis (13)
Scrolls
 l - a scroll of immolation {unknown}
 n - a scroll of identify {unknown}
 v - a scroll of blinking {unknown}
 G - a scroll of remove curse {unknown}
 H - a scroll of magic mapping {unknown}
Potions
 c - a potion of might
 d - a potion of mutation {unknown}
Comestibles
 o - a ration


   Skills:
 + Level 4.2 Fighting
 + Level 3.9(4.0) Axes
 + Level 1.0(2.6) Maces & Flails
 + Level 3.9 Dodging
 + Level 0.6 Stealth
 + Level 4.1 Shields


You had 5 spell levels left.
You didn't know any spells.
Your spell library was empty.

Dungeon Overview and Level Annotations

Branches:
Dungeon (4/15)
 Temple: D:4-7

Altars:
Makhleb
Uskayaw


Innate Abilities, Weirdness & Mutations

Your plain brown scales are hard. (AC +6)
You cannot fit into any form of body armour.
You are cold-blooded and may be slowed by cold attacks.


Message History

The worker ant is heavily wounded.
You feel sick. The worker ant closely misses you.
You completely miss the worker ant.
The worker ant is heavily wounded.
The worker ant bites you but does no damage.
You block the worker ant's attack.
You barely miss the worker ant.
The worker ant is heavily wounded.
The worker ant bites you but does no damage.
The worker ant bites you.
* * * LOW HITPOINT WARNING * * *
You hit the worker ant.
You tail-slap the worker ant, but do no damage.
The worker ant is severely wounded.
* * * LOW HITPOINT WARNING * * *
You feel sick. The worker ant misses you.
You barely miss the worker ant.
The worker ant is severely wounded.
The worker ant bites you!
You die...

#..#...........#
....
#....####..##.....
.. ## #...##
#.##...#### .
#.##....# #. ...#
#...#...##.$ ...##
##.####...## ####
##.## #..# ##...##
#..##.>#
.####..#.†###@....#
..#....#....a####.#
#............#
#...#.....##.#
..........##.##
.###..#..###..#
##..........
##..........
#....##...#


You could see a worker ant.

Vanquished Creatures
  A hound (D:4)
  An orc wizard (D:3)
  A worker ant (D:2)
  7 adders
  4 gnolls (D:3)
  3 oozes
  A worm (D:2)
  5 dart slugs
  4 leopard geckos
  3 orcs
  2 ball pythons
  4 giant cockroaches
  5 goblins
  9 hobgoblins
  5 jackals
  13 kobolds
  A quokka (D:4)
  11 bats
  8 frilled lizards
  10 rats
98 creatures vanquished.

Notes
Turn   | Place    | Note
-------+----------+-------------------------------------------
     0 | D:1      | retrovino the Draconian Fighter began the quest for the
                  | Orb.
     0 | D:1      | Reached XP level 1. HP: 19/19 MP: 1/1
   172 | D:1      | Reached XP level 2. HP: 26/26 MP: 2/2
   325 | D:1      | Reached XP level 3. HP: 22/33 MP: 3/3
   809 | D:2      | Reached XP level 4. HP: 11/40 MP: 4/4
  2205 | D:3      | Reached XP level 5. HP: 35/46 MP: 5/5
  2376 | D:3      | Found a burning altar of Makhleb.
  3184 | D:3      | Found a hide-covered altar of Uskayaw.
  3649 | D:4      | Reached XP level 6. HP: 51/52 MP: 6/6
  3725 | D:4      | Reached skill level 1 in Maces & Flails
  3754 | D:4      | HP: 2/52 [worker ant (2)]
  3756 | D:4      | Mangled by a worker ant

Skill      XL: |  1  2  3  4  5  6 |
---------------+-------------------+-----
Dodging        | 3 |  3.9
Axes           | 3 |  3.9
Fighting       | 4 |  4.2
Shields        | 4 |  4.1
Maces & Flails | 1 |  1.0
Stealth        | |  0.6

Action                   |  1- 3 |  4- 6 || total
-------------------------+-------+-------++-------
Melee: War axe           |    98 |   109 ||   207
       Tailslap          |    17 |    15 ||    32
       Flail             |       |   100 ||   100
  Eat: Ration            |     2 |     3 ||     5
Armor: Skin              |    28 |    58 ||    86
Dodge: Dodged            |    52 |   130 ||   182
Block: Shield            |    59 |    91 ||   150
       Buckler           |       |    15 ||    15
